[Event "FIDE World Blitz Championship 2021"]
[Site "Warsaw, Poland"]
[Date "2021.12.30"]
[Round "24"]
[White "*GM_Vachier-Lag"]
[Black "*GM_Duda"]
[Result "1-0"]
[ECO "C84"]
[WhiteElo "2787"]
[BlackElo "2792"]
[Annotator "Ronen Har-Zvi"]
[PlyCount "98"]
[EventDate "2021.??.??"]
[EventType "blitz"]
[TimeControl "180+2"]

{[%evp 0,98,27,25,25,30,22,26,29,7,7,12,28,1,24,24,24,10,22,19,44,21,10,33,33,
32,36,27,15,6,-3,4,4,-1,25,16,24,47,13,39,28,11,47,74,58,64,80,59,63,54,60,55,
124,124,155,150,150,150,150,150,150,155,153,153,155,161,157,153,182,174,182,
182,289,284,283,282,290,231,218,211,224,212,222,232,241,184,192,181,187,208,
263,283,282,334,348,373,348,346,433,479,513] The title game} 1. e4 e5 2. Nf3 Nc6 3. Bb5 a6 4. Ba4 Nf6 5. O-O Be7 6. d3 b5 7. Bb3 d6 8. a3 O-O 9. Nc3 Nb8 10. Bd2 Nbd7 11. a4 b4 12. Nd5 a5 13. c3 bxc3 14. Bxc3 Nc5 15. Nxf6+ Bxf6 16. Bd5 Ra7 17. Qc2 {[%emt 0:03:10] White is slightly better but nothing more - yet
black has to prevent d4 - Duda played a very logical move which turned to be a
critial mistake after Ne6 - black seems reasonable} Bg4 18. d4
$1 {[%emt 0:03:07] super strong! clearly Duda had missed d4} exd4 19. Nxd4 Bd7 20. Nb5 (
20. f4) (20. Rfe1) 20... Bxb5 {[%emt 0:01:56] horrible decision - after Ra6
black is worse but the game is on... this is just wrong - white is pretty much
winning after BxN.. nervous nervous nervous} 21. axb5 Bxc3 22. Qxc3 a4 23. Qe3 Qb8 24. Bc6 Qb6 25.
Rad1 Rb8 26. e5 {[%emt 0:02:12] the break}
Ne6 27. Qxb6 Rxb6 28. exd6 cxd6 29. Rxd6 a3 30. bxa3 Rxa3 31. g3 g6 32. Rd7 Rb8 33. Rb1 Rc3 34. Ra1 Nd8 35. Bd5 Kf8 36. Raa7 Rd3 37. Kg2 Kg7 38. Bc4 Rxd7 39. Rxd7 Kf6 40. b6 Ne6 41. b7 g5 42. Bxe6 Kxe6 43. Rc7 h5 44. Kf3 f5 45. h4 Kd6 46. Rh7 gxh4 47. gxh4 Ke5 48. Ke3 Rd8 49. Rxh5 Kd5 {[%emt 0:00:
03] White wins} 1-0

[Event "FIDE World Blitz Championship 2021"]
[Site "Warsaw, Poland"]
[Date "2021.12.30"]
[Round "21"]
[White "*GM_Firouzja"]
[Black "*GM_Aronian"]
[Result "1-0"]
[ECO "C54"]
[WhiteElo "2810"]
[BlackElo "2740"]
[Annotator "Ronen Har-Zvi"]
[PlyCount "95"]
[EventDate "2021.??.??"]
[EventType "blitz"]
[TimeControl "180+2"]

1. e4 e5 2. Nf3 Nc6 3. Bc4 Bc5 4. c3 Nf6 5. d3 O-O 6. O-O d5 7. exd5 Nxd5 8. Re1 Bg4 9. a4 a5 10. h3 Bh5 11. Nbd2 Nb6 12. Bb3 {[%emt 0:03:04] Alireza loves this line and has been doing
pretty great against the top with this line} Qxd3 (12... Kh8
13. Ne4 Nd7 14. Bd5 Ba7 15. Ng3 Bxf3 16. Qxf3 f5 17. d4 f4 18. Nh5 Qg5 19. Bd2
Rad8 20. Rad1 Ndb8 21. Ba2 g6 22. Ng3 exd4 23. Ne2 Qf6 24. cxd4 Nxd4 25. Nxd4
Bxd4 26. Re6 Qg7 27. Qxb7 Bf6 28. Ree1 c5 29. Qxg7+ Kxg7 30. Bxa5 Rxd1 31. Rxd1
Bxb2 32. Bb6 Bd4 33. Bd5 Nd7 34. Bc7 Be5 35. Bxe5+ Nxe5 36. a5 Rd8 37. a6 Nc6
38. Kf1 Kf6 39. Ke2 Na7 40. Rd3 Ke5 41. Bf3 Rd4 42. Rc3 Ra4 43. Rxc5+ Kd6 44.
Rd5+ Ke6 45. Rd8 Rxa6 46. Bd5+ Ke5 47. Bg8 Nc6 48. Rd5+ Kf6 49. Rd6+ Ke7 50.
Rd2 {1/2-1/2 (50) Firouzja,A (2804)-Nakamura,H (2736) Warsaw 2021}) 13. Nxe5 Qf5 (13... Bxd1 14. Nxd3 Bxb3 15. Nxc5 Bc2 16.
Nf1 Ra7 17. Ne3 Bg6 18. b3 Rd8 19. f4 f6 20. Ba3 Bf7 21. Rad1 Nd5 22. Nxd5 Rxd5
23. Rxd5 Bxd5 24. Rd1 Bf7 25. f5 Ra8 26. Rd7 Rc8 27. Nxb7 Ne5 28. Re7 Nc6 29.
Rd7 Ne5 30. Rd4 Nc6 31. Rd2 Bxb3 32. Nc5 Bf7 33. Ne6 h5 34. Rd5 Re8 35. Rd7
Bxe6 36. fxe6 Rxe6 37. Rxc7 {1/2-1/2 (37) Firouzja,A (2754)-Karjakin,S (2758)
Stavanger 2021}) 14. Nef3 Rad8 15. Qe2 {
[%emt 0:03:05] white is slightly better - the pawn on c3 holds the c6 knight -
the b3 on b3 is a killer.. and white will develop fast with Ne4 and some Ng3
ideas.. slightly better and very comfortable for white - yet people keep
testing Alireza and ... keep suffering!} Qc8 16. Ne4 Be7 {[%emt 0:01:21] The game that killed Aronian run for the title..
amazing Levon scored 13 / 16 and then 1 out of 5 the last games...} 17. Bf4 Rfe8 18. Qb5 $1 {[%emt 0:01:52] Such
amazingly strong play - many players would fear BxN with white's king being
weak but not Alireza and he is perfectly right.. white is much better here} Bg6 (18... Bxf3 19. gxf3 ) 19.
Neg5 Bf6 20. Nh4 Bxg5 21. Qxg5 Be4 {[%emt 0:00:18] Can you pause
here and try to find the winning combination for white? the stress and
pressure was so high that players the best of the best missed typical tactics..
give this position to Alireza home puzzle - and in one second he would play
the right way.. but in the last round of the world Blitz chamoionship after 5
long long days things are less easy!} 22. Rad1 (22. Rxe4 $1 {
it's over} Rxe4 23. Nf5 g6 24. Qf6 Qxf5
25. Bxf7+ Kf8 26. Bh6#) 22... Rxd1 23. Rxd1 Nd7 24. Nf5 {[%emt 0:00:51] still winning} Bxf5 {0:00:-4} 25.
Qxf5 Nf6 26. Qb5 h6 27. Bc2 Re6 $4 {[%emt 0:00:03] Black's
position was very bad / lost - even before this move but missing Bf5 not pretty
} 28. Bf5 Ne7 29. Bxe6 Qxe6 30. Qxb7 c6 31. b4 Ned5 32. Qb8+ Kh7 33. Qe5 Qc8 34. bxa5 Qa6 35. Bd2 Qxa5 36. Qd4 c5 37. Qd3+ Kg8 38. Qb5 Qc7 39. Re1 g5 40. a5 Kg7 41. a6 c4 42. Qb7 Qd6 43.
a7 Nc7 44. Be3 Nfd5 45. Bd4+ Kg6 46. a8=Q Nxa8 47. Qxa8 f6 48. Qe8+ {[%emt 0:00:24] White wins} 1-0

[Event "FIDE World Blitz Championship 2021"]
[Site "Warsaw, Poland"]
[Date "2021.12.30"]
[Round "21"]
[White "*GM_Duda"]
[Black "*GM_Artemiev"]
[Result "1-0"]
[ECO "D37"]
[WhiteElo "2792"]
[BlackElo "2830"]
[Annotator "Ronen Har-Zvi"]
[PlyCount "59"]
[EventDate "2021.??.??"]
[EventType "blitz"]
[TimeControl "180+2"]

1. d4 d5 2. c4 e6 3. Nf3 Nf6 4. Nc3 Nbd7 5. Qc2 Be7 6. Bf4 c6 7. e3 O-O 8. h3 b6 9. cxd5 cxd5 10. Bd3 Bb7 11. O-O Rc8 12. Rfc1 Ne4 13. Bxe4 dxe4 14. Nd2 Nf6 15. Be5 Nd7 16. Bg3 Nf6 17. Qb3 Qd7 18. Be5 Nd5 19. Ncxe4 Nb4 20. Rc3 Bd5 21. Qd1 {[%emt 0:00:14] The last round
game - Duda was better not not so much - in one move the game will be over!}
Nxa2 {[%emt 0:00:14] logical yet losing! the kingside losses the game for
black... after f6! blocking the e5 Bishop - keeping the g7 square safer black
is very ok} (21... f6 $1 22. Bf4 Nxa2) 22. Rxc8 Rxc8 (22... Qxc8 23. b3 ) 23. Qg4 $1 {[%emt 0:00:07][%csl Gf6,
Gg7,Gh6] Just over - amazing.. one tiny move and it's all over} g6 (23... Bf8 24. Nf6+) 24. Nf6+ Bxf6 25.
Bxf6 Nb4 {0:00:-4} 26. e4 Bc6 27. Qf4 Qe8 28. Rxa7 Qf8 29. Be7 Nd3 {0:00:-3} 30.
Qe3 {[%emt 0:00:07] White wins} 1-0

[Event "FIDE World Blitz Championship 2021"]
[Site "Warsaw, Poland"]
[Date "2021.12.30"]
[Round "21"]
[White "*GM_Vachier-Lag"]
[Black "*GM_Carlsen"]
[Result "1-0"]
[ECO "C88"]
[WhiteElo "2787"]
[BlackElo "2892"]
[Annotator "Ronen Har-Zvi"]
[PlyCount "93"]
[EventDate "2021.??.??"]
[EventType "blitz"]
[TimeControl "180+2"]

1. e4 e5 2. Nf3 Nc6 3. Bb5 a6 4. Ba4 Nf6 5. O-O Be7 6. Re1 b5 7. Bb3 O-O 8. a4 Bb7 9. d3 d6 10. Nbd2 Re8 11. Nf1 h6 12. c3 Bf8 13. Ne3 Ne7 14.
h3 Ng6 15. Nh2 d5 {[%emt 0:
02:21] another very key for the tournament - Carlsen has not chances to win
but for MVL this was the key game for the playoff. Typical position for the
Ruy Lopez .. exd5 is not great as it is very clear that MVL overlooked Carlsen
move after Qf3.. after Nhg4 the game is unclear} 16. exd5 Nxd5 17. Qf3 Nh4 $1 18. Qe4 Nxe3 $1 19. Qxb7 Nexg2 20. Re4 Qxd3 (20... Rb8 {
was even stronge}) 21. Rg4 Qxh3 {[%emt 0:00:35] Can you find
the basic win the previous world blitz champion and the current champion
missed?!!} 22. Rg3 (22. Qd5 $1 {it's amazing - black's Queen
and knights around white's king are threatening - nothing! while this Qd5
threatns Qxf7!} Re6 23. Rg3 (23. Qxa8 Ne1) 23... Qf5 24. Qxa8) 22... Qf5 23. Rxg2 Nxg2 {[%emt 0:00:38] after bxa4
black is still way better / winning - but this is already not too basic for
fast blitz games...} (23... bxa4 24. Bxa4 Rab8) 24. Qxg2 {[%emt 0:00:36]
complicated game - it feels that in a Blitz game the minor pieces and some
possible threats on the kingside should give white better chances} Rad8 25. Ng4 Kh8 26. axb5 axb5 27. Ne3 Qh5 28. Nf1 {[%emt 0:00:44] But this was wrong for MVL.. the last few moves
took unclear position into clearly a worse one for him} e4 (
28... Bc5) 29. Ng3 Qg6 30. Be3 Bd6 31. Ne2 Qh5 32. Ng3 Bxg3 {0:00:-4} 33. fxg3 Rd3 34. Qf2 f5 35. Bc2 Rd6 36. Kg2 Red8 37. Rh1 Qg6 38. Bf4 Rd5 39. Qe2 c5 40. b3 {[%emt 0:00:17] the
players had seconds... Qc6 simply protecting the b5 pawn an then some ideas
with Ra8 / or even e3 opening the centeral files - should give black the win!}
c4 41. bxc4 bxc4 42. Rf1 Qf6 (42... Qc6) 43. Qxc4 {[%emt 0:00:13] it's
a pawn!} Qb6 44. Bb3 Rc5 $2 (44... e3 $1 {was needed black needs to open the files and activate the rook -
much easier seeing such ideas at home and not in the game with seconds left
and endless pressure - I keep mentioning this so that everyone perfectly
understands the pressure and stress the players had during the key games}) 45.
Qf7 Rxc3 {0:00:-3} 46. Be5 Rd2+ 47. Kh1 {[%emt 0:00:08] White wins} 1-0

[Event "FIDE World Blitz Championship 2021"]
[Site "Warsaw, Poland"]
[Date "2021.12.30"]
[Round "19"]
[White "*GM_Vachier-Lag"]
[Black "*GM_Dubov"]
[Result "1/2-1/2"]
[ECO "B52"]
[WhiteElo "2787"]
[BlackElo "2749"]
[Annotator "Ronen Har-Zvi"]
[PlyCount "36"]
[EventDate "2021.??.??"]
[EventType "blitz"]
[TimeControl "180+2"]

1. e4 c5 2. Nf3 d6 3. Bb5+ Bd7 4. Bxd7+ Nxd7 5.
O-O Ngf6 6. Qe2 e6 7. c4 Ne5 8. Nxe5 dxe5 9. d3 Be7 10. Be3 O-O 11. a3 Nd7 12. Nc3 a6 13. Rab1 Qc7 14. b4 Rfd8 15. Rfd1 Rab8 16. g3 b5 17. bxc5 Bxc5 18. Bxc5 Qxc5 {[%emt 0:03:12][%csl Ra3,Rc4,Rd3] Game drawn - for me this is the
"strange decision for this tournament " Dubov was the sole leader - he is
better with black - has more time why draw? Dubov has the answer most likely..
but quite for certain looking back he might NOT have offered a draw here..}
1/2-1/2

[Event "FIDE World Blitz Championship 2021"]
[Site "Warsaw, Poland"]
[Date "2021.12.30"]
[Round "17"]
[White "*GM_Vachier-Lag"]
[Black "*GM_Aronian"]
[Result "1-0"]
[ECO "C78"]
[WhiteElo "2787"]
[BlackElo "2740"]
[Annotator "Ronen Har-Zvi"]
[PlyCount "133"]
[EventDate "2021.??.??"]
[EventType "blitz"]
[TimeControl "180+2"]

1. e4 e5 2. Nf3 Nc6 3. Bb5 a6 4. Ba4 Nf6 5. O-O b5 6. Bb3 Bc5 7. a4 Rb8 8. c3 d6 9. d4 Bb6 10. a5 Ba7 11. Be3 O-O 12. h3 Re8 13. dxe5 Bxe3 14. exf6 Bf4 15. Qd5 Ne5 16. Nxe5 Be6 17. Nxf7 Qxf6 18. Qd1 Qxf7 19. Bxe6 Rxe6 20. Nd2 Rbe8 21. Re1 h6 22. Nf3 Rxe4 23. Rxe4 Rxe4 24. g3 Bg5 25. Qd3 Qc4 26. Qxc4+ bxc4 27. h4 Bf6 28. Nd2 Rg4 29. Kg2 d5 30. Re1 Kf7 31. f3 Rg6 32. h5 Rg5 33. f4 Rxh5 34.
g4 Rh4 35. Kg3 h5 36. g5 Rg4+ 37. Kf3 Be7 38. Rh1 Bd6 {Let me describe the
tournament situation here - Aronian had 13 out of 16.. only one player Dubov
with 12 points and only player rjun with 11.5.. everyone else 11 or under..
Aronian is completely winning the game is over.. in a standard game MVL would
have clearly resigned here but Blitz has it's own rules as we already know!
Aornian wins and the tournament simply ends.. but.. but...} 39. Rxh5 Rxf4+ 40. Ke3 Rf5 (
40... Kg6) 41. Nf3 Bc5+ 42. Ke2 Kg8 43. Rh1 Rf7 44. g6 Re7+ 45. Kd2 Re6 46. Rh5 c6 47. Ne5 Be7 (47... Bd6 {simple} 48. Nxc6 (48. Nf7 Rxg6) 48... Bf4+)
48. Rf5 Bd8 49. Nd7 Be7 50. Nb8 Rxg6 51. Nxa6 Bd6 {[%emt 0:00:06] No! Bd8 winning the a5 pawn - the game -
and the world championship..} (51... Bd8 ) 52. Nb4 Bxb4 53. cxb4 Rg1 54.
Rf3 {[%emt 0:00:07] Black is up a pawn but the dangerous pass "a" means that
black is defending.. there's probably only one move to make draw here 54...d4
blocking Ra3 from white... analysing the rook endgame deeply.. another time :)}
Ra1 $4 (54... d4 55. a6 d3 (
55... c3+ 56. bxc3 Ra1)) 55. Ra3 {[%emt 0:00:07] woo! over} Rf1 56. a6 Rf8 57. a7 Ra8 58. Kc3 Kf7 59. Kd4 g5 60. Kc5 g4 61.
Kxc6 g3 62. Rxg3 Rxa7 63. Kxd5 Ra2 64. Kxc4 Rxb2 65. Re3 Rc2+ 66. Kb5 Rc8 67. Ka6 {[%emt 0:00:14]
White wins} 1-0

[Event "FIDE World Blitz Championship 2021"]
[Site "Warsaw, Poland"]
[Date "2021.12.29"]
[Round "9"]
[White "*GM_Mamedyarov"]
[Black "*GM_Carlsen"]
[Result "1-0"]
[ECO "A45"]
[WhiteElo "2754"]
[BlackElo "2892"]
[Annotator "Ronen Har-Zvi"]
[PlyCount "71"]
[EventDate "2021.??.??"]
[EventType "blitz"]
[TimeControl "180+2"]

1. d4 {[%emt 0:03:02] Thinking about it
- it's amazing that Carlsen finished with 13.5 out of 21 and yet this feels
like a total horrible tournament for him - it probably just means how strong
and completely dominate he has become in the chess world - pretty much any
tournament he is not winning is already a surprise and if he is not second
it's already a shocker! Still - 6 loses for Magnus truly feels wrong .. I will
quickly show two of his losses and this truly was not his tournament} Nf6 2. Bg5 d5 3. Nd2 c5 4. dxc5 Qa5 5. Ngf3 Qxc5 6. e3 Ne4 7. Bd3 Nxd2 8. Qxd2 f6 9. Bh4 e5 10. e4 Nc6 11. O-O Be6 12.
a3 dxe4 13. Bxe4 Rd8 14. Qc1 Be7 15. b4 Qc4 16. Re1 Rd7 17.
h3 Nd4 18. Nxd4 Rxd4 19. Qe3 O-O 20. Bg3 b6 21. Bd3 Qd5 22.
f4 Rd8 23. fxe5 f5 24. Bf2 Qc6 25. Rad1 {[%emt 0:00:52]
Carlsen was better early on and was outplayed but blundering the game to a
basic tactic feels wrong does not matter how his tournament was} g6 $4 26. Bb5 {[%emt 0:00:49] strange miss for the world champ -
which happened quite too many times during this tournament} Qxb5 27. Rxd4 Rc8 28. c4 Rxc4 {0:00:-2} 29. Qd3 Qc6 30. Rxc4 Bxc4 31. Qc3 a6 32.
e6 b5 33. Qe5 Qd5 34. Qb8+ Kg7 35. Qc7 Kf6 36. Bh4+ {[%emt 0:00:36] White wins} 1-0

[Event "FIDE World Blitz Championship 2021"]
[Site "Warsaw, Poland"]
[Date "2021.12.30"]
[Round "16"]
[White "*GM_Grischuk"]
[Black "*GM_Carlsen"]
[Result "1-0"]
[ECO "E04"]
[WhiteElo "2757"]
[BlackElo "2892"]
[Annotator "Ronen Har-Zvi"]
[PlyCount "116"]
[EventDate "2021.??.??"]
[EventType "blitz"]
[TimeControl "180+2"]

1. d4 Nf6 2. c4 e6 3. g3 d5 4. Bg2 dxc4 5. Nf3 Bb4+ 6. Bd2 a5 7. Qc1 b6 8. Bxb4 axb4 9. Qxc4 Bb7 10. O-O Nc6 11. Nbd2 O-O 12. Rfc1 Nd5 13. Qc2 h6 14. Nc4 Ra7 15. Nce5 Nde7 16. Nxc6 Bxc6 17. e3 Qa8 18. Ng5 hxg5 19. Bxc6 Nxc6 20. Qxc6 Qxc6 21. Rxc6 Rfa8 22. Rac1 Rxa2 23. Rxc7 Rxb2 24.
Rc8+ Rxc8 25. Rxc8+ Kh7 26. Rb8 g4 {[%emt 0:01:01] it's impossible to
believe that Magnus lost this position - he was pushing probably too much -
feeling that he has to win.. still this example just indicative of the
tournament the best player and the world champ had} 27. Rxb6 b3 28. Kg2 f5 29. h3 Kg8 30. hxg4 fxg4 31. Rxe6 Rc2 32. Rb6 b2 33. Rb7 Rd2 34. d5 Kf8 35. e4 Ke8 36. d6 {0:00:-5} Rxd6 37. Rxb2 Rd4 38. f3 Kf7 39. Re2 gxf3+ 40. Kxf3 Kf6 41. Kf4 g5+ 42. Kg4 Kg6 43. Re3 Ra4 44. Kf3 Kf6 45. Rb3 Ra1 46.
Rb6+ Ke5 $2 {[%emt 0:00:12] typical but the losing move} (
46... Kg7 $1 {was making a draw - but complicated stuff and truly not easy for
anyone with seconds left} 47. Rb5 Kh6 48. Kg4 Ra3) 47. Rb5+ Kf6 48. Rf5+ Kg6 49. Kg4 Re1 50. Rxg5+ Kf6 51. Rf5+ Ke6 52. Kf4 Rf1+ 53. Kg5 Re1 54. g4 Rxe4 55. Rf1 Ra4 56. Kh5 Ra8 57. g5 Rh8+ 58. Kg6 Kd5 {[%emt 0:00:11] White wins} 1-0